 Dungeon Crawl Stone Soup version 0.18.1-48-g4cf74bf (webtiles) character file.

90 Wander the Insei (level 4, -2/35 HPs)
             Began as a Demonspawn Monk on Sept 9, 2016.
             Slain by an ice beast (9 damage)
             ... on level 2 of the Dungeon.
             The game lasted 00:03:33 (2206 turns).

Wander the Insei (Demonspawn Monk)                  Turns: 2206, Time: 00:03:33

Health: -2/35      AC:  9    Str: 12    XL:     4   Next: 32%
Magic:  4/4        EV: 13    Int: 11    God:
Gold:   69         SH:  0    Dex: 14    Spells: 0 memorised, 3 levels left

rFire  . . .     SeeInvis .       - Unarmed
rCold  . . .     Gourm    .     a - +0 robe
rNeg   . . .     Faith    .     (no shield)
rPois  .         Spirit   .     (no helmet)
rElec  .         Dismiss  .     (no cloak)
rCorr  .         Reflect  .     (no gloves)
SustAt .         Harm     .     (no boots)
MR     .....                    (no amulet)
Stlth  ++........               (no ring)
                                (no ring)

@: not resistant to hostile enchantments, unstealthy
A: rough black scales 2
a: no special abilities


You were on level 2 of the Dungeon.
You were not hungry.

You visited 1 branch of the dungeon, and saw 3 of its levels.

You collected 69 gold pieces.

Inventory:

Armour
 a - a +0 robe (worn)
Jewellery
 j - an uncursed amulet of magic regeneration {unknown}
Scrolls
 d - 3 scrolls of teleportation {unknown}
 e - a scroll of enchant armour {unknown}
 f - 2 scrolls of random uselessness {unknown}
 k - 4 scrolls of identify {unknown}
 l - a scroll of magic mapping {unknown}
 n - a scroll of fog {unknown}
Potions
 c - 3 potions of degeneration {unknown}
 m - a potion of heal wounds {unknown}
Books
 h - a book of the Earth

   Spells                             Type                      Level
   a - Leda's Liquefaction            Hexes/Earth                  4
   b - Bolt of Magma                  Conjuration/Fire/Earth       5
   c - Statue Form                    Transmutation/Earth          6
   d - Iron Shot                      Conjuration/Earth            6
   e - Shatter                        Earth                        9
Comestibles
 b - 3 bread rations
 g - a beef jerky
 i - a meat ration
 o - a chunk of flesh


   Skills:
 + Level 3.5 Fighting
 + Level 3.4 Dodging
 + Level 2.1 Stealth
 + Level 4.3 Unarmed Combat


You had 3 spell levels left.
You didn't know any spells.

Dungeon Overview and Level Annotations

Branches:
Dungeon (3/15)

Altars:
Makhleb
Ru


Innate Abilities, Weirdness & Mutations

You are mostly covered in rough black scales (AC +7, Dex -2).


Message History

The bat closely misses you. The bat misses you.
The bat hits you but does no damage.
You miss the bat. The bat hits you but does no damage. x2
The ice beast barely misses you.
You hit the bat.
The bat is heavily wounded.
The bat closely misses you. x2
The ice beast hits you but does no damage.
You hit the bat.
You kill the bat!
The ice beast hits you but does no damage.
You see here 6 arrows.
There is an escape hatch in the ceiling here.
The ice beast hits you. The ice beast freezes you!
* * * LOW HITPOINT WARNING * * *
A mysterious force pulls you upwards. The hatch slams shut behind you.
The ice beast hits you.
* * * LOW HITPOINT WARNING * * *
The ice beast freezes you!
You die...

######## #......#
#.####.# #.# #.# #.#
#.# #.# #.#
############.####.#
[...............>.#
....###..##..###@###
###.# #..##.....Y..#
....###.......#....##
...................(#
..#......#.#.#.#.#..#
.......)............#
..........#.#.#.#.#.#
#..#..##............##
#..#.<##.#.#.#.#.#.#.#


You could see an ice beast.

Vanquished Creatures
  5 adders
  An ooze (D:1)
  A worm (D:3)
  A dart slug (D:2)
  2 giant geckos
  An orc (D:2)
  A ball python (D:2)
  A goblin (D:2)
  2 hobgoblins
  9 kobolds
  2 quokkas (D:2)
  7 bats
  4 rats
37 creatures vanquished.

Notes
Turn   | Place    | Note
--------------------------------------------------------------
     0 | D:1      | Wander the Demonspawn Monk began the quest for the Orb.
     0 | D:1      | Reached XP level 1. HP: 18/18 MP: 1/1
   345 | D:1      | Gained mutation: You are partially covered in rough black scales (AC +4, Dex -1). [demonic ancestry]
   345 | D:1      | Reached XP level 2. HP: 2/24 MP: 2/2
   349 | D:1      | HP: 1/24 [bat (1)]
   666 | D:1      | You fall through a shaft!
   702 | D:2      | Reached skill level 4 in Unarmed Combat
   724 | D:2      | Reached XP level 3. HP: 13/29 MP: 3/3
  1605 | D:2      | Found a sacrificial altar of Ru.
  1768 | D:3      | Gained mutation: You are mostly covered in rough black scales (AC +7, Dex -2). [demonic ancestry]
  1768 | D:3      | Reached XP level 4. HP: 35/35 MP: 4/4
  1874 | D:3      | Found a burning altar of Makhleb.
  2089 | D:3      | Noticed an ice beast
  2206 | D:2      | Slain by an ice beast

Skill      XL: |  1  2  3 |
---------------+----------+-----
Unarmed Combat | 4 |  4.3
Dodging        | 3 |  3.4
Stealth        | 2 |  2.1
Fighting       | |  3.5

Action                   |  1- 3 |  4- 6 || total
-------------------------+-------+-------++-------
Melee: Unarmed           |   121 |    32 ||   153
       Punch             |     1 |       ||     1
 Stab: Sleeping          |     5 |     2 ||     7
  Eat: Chunk             |     1 |     3 ||     4
Armor: Robe              |    42 |    14 ||    56
Dodge: Dodged            |    82 |    17 ||    99
